 Dungeon Crawl Stone Soup version 0.30-a0-121-gb27577e5d9 (webtiles) character file.

Game seed: 12411804425370474398

52 IdlyInterested the Ducker (level 3, 0/27 HPs)
             Began as a Demonspawn Gladiator on Sept 14, 2022.
             Slain by a quokka (1 damage)
             ... on level 3 of the Dungeon.
             The game lasted 00:07:38 (2552 turns).

IdlyInterested the Ducker (Demonspawn Gladiator)    Turns: 2552, Time: 00:07:38

Health: 0/27       AC:  8    Str: 14    XL:     3   Next: 60%
Magic:  3/3        EV: 10    Int: 11    God:
Gold:   160        SH:  4    Dex: 19    Spells: 2/2 levels left

rFire   . . .      SeeInvis .      - Unarmed
rCold   . . .      Faith    .    m - +0 buckler
rNeg    + . .      Spirit   .    p - +0 scale mail
rPois   .          Reflect  .    h - +0 hat "Inast" {rN+ Will+ Dex+5}
rElec   .          Harm     .    (no cloak)
rCorr   .          Rampage  .    (no gloves)
Will    +....                    (no boots)
Stlth   ..........               (no amulet)
HPRegen 0.09/turn                (no ring)
MPRegen 0.08/turn                (no ring)

@: no status effects
A: icy blue scales 1, demonic touch 1
a: no special abilities


You were on level 3 of the Dungeon.
You visited 1 branch of the dungeon, and saw 3 of its levels.

You collected 160 gold pieces.

Inventory:

Hand Weapons
 a - a +1 long sword
Missiles
 d - 3 throwing nets
 e - a javelin
 f - 7 boomerangs (quivered)
 g - 31 stones
Armour
 b - a +0 leather armour
 h - the +0 hat "Inast" (worn) {rN+ Will+ Dex+5}
   (You acquired it on level 2 of the Dungeon)

   Dex:       It affects your dexterity (+5).
   rN:        It protects you from negative energy.
   Will:      It increases your willpower.
 m - a +0 buckler (worn)
 p - a +0 scale mail (worn)
Magical Staves
 i - a staff of fire
 n - a staff of death
Scrolls
 j - a scroll of acquirement
 k - 2 scrolls of identify
 l - a scroll of blinking
 q - a scroll of immolation
Potions
 o - a potion of invisibility


   Skills:
 + Level 2.3 Fighting
 + Level 2.9 Long Blades
 - Level 1.7 Throwing
 * Level 3.2 Dodging
 * Level 1.0 Unarmed Combat
 * Level 1.5 Hexes


You had 2 spell levels left.
You didn't know any spells.
Your spell library contained the following spells:

 Spells                   Type           Power      Damage    Failure   Level
 Foxfire                  Conj/Fire      0%         2x1d4     92%         1
 Ensorcelled Hibernation  Hex/Ice        2%         N/A       94%         2
 Inner Flame              Hex/Fire       1%         N/A       99%         3
 Kindle Blastsparks       Fire/Tloc/Air  0%         2d10      100%        3
 Spider Form              Tmut/Pois      0%         N/A       100%        3
 Anguish                  Hex/Necr       0%         N/A       100%        4
 Flame Wave               Conj/Fire      0%         2d4       100%        4


Dungeon Overview and Level Annotations

Branches:
Dungeon (3/15)

Altars:


Innate Abilities, Weirdness & Mutations

You are partially covered in icy blue scales. (AC +2)
Your touch may inflict minor irresistible damage on your foes.


Message History

You hit the hobgoblin but do no damage. The hobgoblin hits you.
* * * LOW HITPOINT WARNING * * *
You hit the hobgoblin but do no damage. The hobgoblin hits you.
* * * LOW HITPOINT WARNING * * *
Okay, then.
You hit the hobgoblin but do no damage.
The hobgoblin hits you but does no damage.
You hit the hobgoblin.
The hobgoblin is severely wounded.
The hobgoblin hits you but does no damage.
You completely miss the hobgoblin.
The hobgoblin is severely wounded.
The hobgoblin barely misses you.
You hit the hobgoblin.
The hobgoblin is almost dead.
The hobgoblin closely misses you.
You hit the hobgoblin.
You kill the hobgoblin!
You start resting.
A quokka comes into view.
Items here: $ ) ? †.
The quokka bites you.
* * * LOW HITPOINT WARNING * * *
You hit the quokka.
The quokka is moderately wounded.
The quokka barely misses you.
You miss the quokka.
The quokka is moderately wounded.
The quokka barely misses you. x2
You hit the quokka but do no damage.
The quokka is moderately wounded.
The quokka barely misses you.
You hit the quokka but do no damage.
The quokka is moderately wounded.
The quokka bites you.
* * * LOW HITPOINT WARNING * * *
You miss the quokka.
The quokka is moderately wounded.
The quokka bites you.
You die...

#....# .# .###
#....###.##....
#....##......# #
####....##......#..
#.......##........#
#.##....##........#
#...#+#..)........#
###.#....#.........
#.#....#.@.......
#.##...#..r...... #
#......#.........
####
####...#######...
#... #...###### ..
#... ##'###...# .
#... #........#
#... #........#
#... #......###
#...


You could see a quokka.

Vanquished Creatures
  An adder (D:2)
  A worm (D:3)
  2 dart slugs
  An orc (D:3)
  5 ball pythons
  3 endoplasms
  A giant cockroach (D:3)
  2 goblins
  A hobgoblin (D:3)
  5 quokkas
  5 bats
  3 frilled lizards
  4 rats
34 creatures vanquished.

Notes
Turn   | Place    | Note
-------+----------+-------------------------------------------
     0 | D:1      | IdlyInterested the Demonspawn Gladiator began the quest for
                  | the Orb.
     0 | D:1      | Reached XP level 1. HP: 16/16 MP: 1/1
   220 | D:1      | Found a faded altar of an unknown god.
   235 | D:1      | Gained mutation: Your touch may inflict minor irresistible
                  | damage on your foes. [demonic ancestry]
   235 | D:1      | Reached XP level 2. HP: 11/22 MP: 2/2
   825 | D:1      | Reached skill level 3 in Dodging
   883 | D:1      | Reached skill level 1 in Hexes
  1404 | D:2      | Identified 2 scrolls of acquirement
  1404 | D:2      | Acquired the +0 hat "Inast" {rN+ Will+ Dex+5}
  1610 | D:2      | Gained mutation: You are partially covered in icy blue
                  | scales. (AC +2) [demonic ancestry]
  1610 | D:2      | Reached XP level 3. HP: 23/27 MP: 3/3
  2288 | D:3      | Reached skill level 1 in Unarmed Combat
  2551 | D:3      | HP: 1/27 [quokka (3)]
  2552 | D:3      | Slain by a quokka

Illustrated notes

Levels and vault maps discovered:
D:1:      dpeg_arrival_shelter, layout_basic,
          dreamdust_ecumenical_altar_statues, wad_floor_pattern_untrapped
D:2:      cheibrodos_old_hovel, layout_loops_ring, supply_closet_lemuel,
          serial_park_tiny_2
D:3:      layout_basic, overflow_temple_1_default

Skill      XL: |  1  2  3 |
---------------+----------+-----
Dodging        | 3 |  3.2
Hexes          | 1 |  1.5
Unarmed Combat | 1 |  1.0
Fighting       | |  2.3
Long Blades    | |  2.9
Throwing       | |  1.7

Action                   || total
-------------------------++-------
Melee: Long sword        ||    86
       Punch             ||     1
       Touch             ||     7
       Unarmed           ||    52
  Use: Scroll            ||     8
Armor: Leather armour    ||    30
       Scale mail        ||    18
Dodge: Dodged            ||   105
Block: Buckler           ||     4

Table legend: (Time is in decaauts)
 A = Elapsed time spent in this place.
 B = Non-inter-level travel time spent in this place.
 C = Inter-level travel time spent in this place.
 D = Time resting spent in this place.
 E = Time spent auto-exploring this place.
 F = Levels seen in this place.
 G = Mean time per level.
                   A        B        C        D        E       F      G
               +--------+--------+--------+--------+--------+-----+--------+
         Total |   2576 |   2352 |    224 |    336 |   1454 |   3 |  858.7 |
       Dungeon |   2576 |   2352 |    224 |    336 |   1454 |   3 |  858.7 |
               +--------+--------+--------+--------+--------+-----+--------+

Top non-repeatable levels by time:
     D:1: 1315 daAuts
     D:2: 874 daAuts
     D:3: 387 daAuts
